 Dungeon Crawl Stone Soup version 0.28.0-53-g5a82cb258f (webtiles) character file.

Game seed: 5629026117508695850

774 lonewolfV2 the Chopper (level 7, -5/84 HPs)
             Began as a Demonspawn Berserker on May 23, 2022.
             Was a Believer of Trog.
             Slain by a wyvern zombie (11 damage)
             ... on level 5 of the Dungeon.
             The game lasted 00:08:21 (5844 turns).

lonewolfV2 the Chopper (Demonspawn Berserker)       Turns: 5844, Time: 00:08:21

Health: -5/84      AC: 11    Str: 19    XL:     7   Next: 53%
Magic:  7/7        EV: 13    Int:  8    God:    Trog [**....]
Gold:   23         SH:  0    Dex: 13    Spells: 6/6 levels left

rFire   . . .      SeeInvis .   a - +0 hand axe
rCold   . . .      Faith    .   (no shield)
rNeg    . . .      Spirit   .   b - +0 animal skin
rPois   .          Reflect  .   (no helmet)
rElec   .          Harm     .   (no cloak)
rCorr   .          Rampage  .   (no gloves)
Will    ++...                   (no boots)
Stlth   ..........              (no amulet)
HPRegen 1.24/turn               (no ring)
MPRegen 0.20/turn               (no ring)

@: berserking, strong-willed, sanguine armoured, regenerating, very quick
A: magic regeneration, sanguine armour 2, wild magic 1, evolution 1, MP-powered
wands
a: Renounce Religion, Berserk, Trog's Hand


You were on level 5 of the Dungeon.
You worshipped Trog.
Trog was pleased with you.
You visited 1 branch of the dungeon, and saw 5 of its levels.

You collected 135 gold pieces.
You spent 112 gold pieces at shops.

Inventory:

Hand Weapons
 a - a +0 hand axe (weapon)
Armour
 b - a +0 animal skin (worn)
Wands
 i - a wand of acid (8)
 k - a wand of paralysis (7)
Scrolls
 g - a scroll of teleportation
Potions
 c - a potion of mutation
 d - a potion of haste
 e - a potion of berserk rage {unknown}
 f - a potion of lignification
 h - a potion of cancellation
 j - a potion of attraction {unknown}


   Skills:
 + Level 5.2 Fighting
 + Level 5.9 Axes
 + Level 1.8 Armour
 + Level 3.6 Dodging
 + Level 2.0 Stealth


You had 6 spell levels left.
You didn't know any spells.
Your spell library was empty.

Dungeon Overview and Level Annotations

Branches:
Dungeon (5/15)
 Temple: D:4-7

Altars:
Okawaru
Wu Jian

Shops:
D:4 !


Innate Abilities, Weirdness & Mutations

You regenerate magic rapidly.
When seriously injured, your blood forms thick armour. (AC +9)
Your spells are a little harder to cast, but a little more powerful.
You have hidden genetic potential.
You expend magic power (3 MP) to strengthen your wands.


Message History

The wyvern zombie is lightly damaged.
The wyvern zombie misses you. The wyvern zombie bites you.
You hit the wyvern zombie.
The wyvern zombie is lightly damaged.
The wyvern zombie bites you!
You hit the wyvern zombie.
The wyvern zombie is lightly damaged.
The wyvern zombie bites you but does no damage.
You barely miss the wyvern zombie.
The wyvern zombie is lightly damaged.
The wyvern zombie bites you but does no damage.
The wyvern zombie bites you!
* * * LOW HITPOINT WARNING * * *
You barely miss the wyvern zombie.
You punch the wyvern zombie, but do no damage.
The wyvern zombie is lightly damaged.
The wyvern zombie bites you but does no damage.
You hit the wyvern zombie.
The wyvern zombie is moderately damaged.
The wyvern zombie closely misses you.
It was a potion of mutation.
You feel extremely strange.
You feel a hidden potential growing inside you.
You feel less in control of your magic.
You feel your magical essence link to the dungeon's wands.
The wyvern zombie barely misses you. x2
Okay, then.
Your skin crawls.
You feel strong-willed. The wyvern zombie bites you!
* * * LOW HITPOINT WARNING * * *
A red film seems to cover your vision as you go berserk!
You feel yourself moving faster!
You feel mighty! The wyvern zombie closely misses you.
You slash the wyvern zombie!
The wyvern zombie is heavily damaged.
The wyvern zombie misses you.
You barely miss the wyvern zombie.
The wyvern zombie is heavily damaged.
The wyvern zombie bites you!
You die...

#### ####.##........##
#.#.#
#.#.#.#.#.#.#.#.###
#.#.#
#.#.#.#.#.#.#.#..
#.#.# #.#.#)#.#.#.#.#
#.#.#.#.#:#)#.#.#.##
#.#.#.#+#.#.#.#.#$#.#
#.#.....#.#.#.#.#.##
#.#'..)..+#.#.#.#.#.#
#...Z@.(#.#.#.#.#.###
+......#.#.#.#.#.#..
#......'#.#.#.#.#.##
#.......#.#.#.#.#.#.#
#.#.#+#+#.#.#.#.#.#.##
#.#.# .#.#.#.#.#.#.#
.#.# #.#.#.#.#.#.## .#
#.#.#.#.#)#.#.#
.#.#.#.#.#.#.##


You could see a wyvern zombie.

Vanquished Creatures
  Grinder (D:3)
  An ice beast (D:5)
  Blork the orc (D:5)
  A scorpion (D:5)
  2 hounds
  An orc priest (D:4)
  Ijyb (D:5)
  Natasha (D:2)
  2 iguanas (D:4)
  An orc wizard (D:5)
  4 adders
  A shadow imp (D:3)
  2 ufetubi
  3 worms
  2 dart slugs
  9 orcs
  3 bats
  7 endoplasms
  2 giant cockroaches
  3 goblins
  5 hobgoblins
  4 jackals
  3 quokkas
  5 ball pythons
  2 frilled lizards
  6 kobolds
  A rat (D:3)
74 creatures vanquished.

Notes
Turn   | Place    | Note
-------+----------+-------------------------------------------
     0 | D:1      | lonewolfV2 the Demonspawn Berserker began the quest for the
                  | Orb.
     0 | D:1      | Reached XP level 1. HP: 18/18 MP: 1/1
   474 | D:1      | Gained mutation: When seriously injured, your blood forms
                  | armour. (AC +9) [demonic ancestry]
   474 | D:1      | Reached XP level 2. HP: 20/24 MP: 2/2
  1758 | D:2      | Noticed Natasha
  1772 | D:2      | Gained mutation: When seriously injured, your blood forms
                  | thick armour. (AC +9) [demonic ancestry]
  1772 | D:2      | Reached XP level 3. HP: 2/29 MP: 3/3
  1775 | D:2      | Killed Natasha
  2128 | D:3      | Reached XP level 4. HP: 20/37 MP: 4/4
  2456 | D:3      | Found an ornate altar of the Wu Jian Council.
  2878 | D:3      | Noticed Grinder
  2891 | D:3      | Paralysed by Grinder for 2 turns
  2899 | D:3      | Killed Grinder
  2900 | D:3      | Reached skill level 1 in Stealth
  2900 | D:3      | Reached XP level 5. HP: 39/43 MP: 5/5
  2900 | D:3      | Gained mutation: You regenerate magic rapidly. [demonic
                  | ancestry]
  2900 | D:3      | Reached XP level 6. HP: 45/49 MP: 6/6
  3389 | D:4      | Reached ** piety under Trog
  3439 | D:4      | Found an iron altar of Okawaru.
  3474 | D:4      | Reached skill level 5 in Axes
  3481 | D:4      | Found Mopuu's Distillery.
  3822 | D:4      | Bought a potion of heal wounds for 70 gold pieces
  3822 | D:4      | Bought a potion of curing for 42 gold pieces
  3872 | D:4      | HP: 2/49 [iguana (9)]
  4679 | D:5      | Entered Level 5 of the Dungeon
  5033 | D:5      | Noticed Ijyb
  5048 | D:5      | Reached XP level 7. HP: 31/55 MP: 7/7
  5048 | D:5      | Paralysed by Ijyb for 4 turns
  5057 | D:5      | Paralysed by Ijyb for 6 turns
  5074 | D:5      | Killed Ijyb
  5501 | D:5      | Reached skill level 5 in Fighting
  5678 | D:5      | Noticed Blork the orc
  5688 | D:5      | Killed Blork the orc
  5840 | D:5      | Gained mutation: You have hidden genetic potential. [potion
                  | of mutation]
  5840 | D:5      | Gained mutation: Your spells are a little harder to cast,
                  | but a little more powerful. [potion of mutation]
  5840 | D:5      | Gained mutation: You expend magic power (3 MP) to
                  | strengthen your wands. [potion of mutation]
  5841 | D:5      | HP: 2/56 [wyvern zombie (9)]
  5844 | D:5      | Slain by a wyvern zombie

Illustrated notes

Levels and vault maps discovered:
D:1:      nagdon_arrival_double_spiral, layout_loops_ring
D:2:      layout_loops_corners, minivault_19, uniq_natasha
D:3:      layout_basic, mainiacjoe_overflow_surrounded_room, uniq_grinder
D:4:      layout_rooms, okawaru_metal_pillars_1_2, serial_shops, shop
D:5:      layout_basic, uniq_ijyb, uniq_blork_the_orc

Skill      XL: |  1  2  3  4  5  6  7 |
---------------+----------------------+-----
Axes           | 3 4 5 |  5.9
Dodging        | 2 3 |  3.6
Fighting       | 4 5 |  5.2
Stealth        | 1 2 |  2.0
Armour         | |  1.8

Action                   |  1- 3 |  4- 6 |  7- 9 || total
-------------------------+-------+-------+-------++-------
Melee: Hand axe          |    89 |   194 |    67 ||   350
       Punch             |     1 |     5 |     1 ||     7
Invok: Berserk           |       |     2 |     2 ||     4
       Trog's Hand       |       |     2 |     2 ||     4
  Use: Scroll            |     7 |       |       ||     7
       Potion            |     2 |     4 |     1 ||     7
 Stab: Sleeping          |       |     2 |       ||     2
Armor: Animal skin       |    30 |    47 |    16 ||    93
Dodge: Dodged            |    72 |   144 |    39 ||   255
